 Dungeon Crawl Stone Soup version 0.31.0-11-ge490571c62 (webtiles) character file.

Game seed: 6242775677215187398

1507 sanka the Geomancer (level 8, -6/48 HPs)
             Began as a Gargoyle Earth Elementalist on Jan 28, 2024.
             Killed by nerve-wracking pain
             ... invoked by an orc priest
              (7 damage)
             ... on level 7 of the Dungeon.
             The game lasted 00:08:52 (5943 turns).

sanka the Geomancer (Gargoyle Earth Elementalist)   Turns: 5943, Time: 00:08:53

Health: -6/48      AC:  8    Str: 12    XL:     8   Next: 82%
Magic:  10/14      EV: 12    Int: 18    God:
Gold:   418        SH:  0    Dex: 10    Spells: 8/15 levels left

rFire   . . .        a - staff of earth
rCold   . . .        (no shield)
rNeg    + . .        d - +0 robe
rPois   ∞            (no helmet)
rElec   +            (no cloak)
rCorr   .            (no gloves)
SInv    .            v - +0 pair of boots
Will    +....        h - amulet of magic regeneration
Stlth   ++           m - ring of willpower
HPRegen 0.28/turn    (no ring)
MPRegen 0.54/turn

%: no passive effects
@: no status effects
A: sickness immunity, AC +5, negative energy resistance 1, electricity
resistance, torment resistance 1, petrification resistance
a: no special abilities


You were on level 7 of the Dungeon.
You visited 1 branch of the dungeon, and saw 7 of its levels.

You collected 418 gold pieces.


Innate Abilities, Weirdness & Mutations

You are immune to sickness and miasma.
Your stone body is resilient. (AC +5)
You are immune to poison.
You resist negative energy. (rN+)
You are resistant to electric shocks. (rElec)
You are resistant to unholy torment.
You are immune to petrification.


   Skills:
 + Level 3.6 Fighting
 + Level 3.3 Dodging
 - Level 2.1 Stealth
 - Level 4.0 Spellcasting
 - Level 4.0 Conjurations
 - Level 10.0 Earth Magic


You had 8 spell levels left.
You knew the following spells:

 Your Spells              Type           Power      Damage    Failure   Level
x - Stone Arrow           Conj/Erth      86%        3d12      2%          3
z - Sandblast             Erth           100%       2d20      1%          1
N - Passwall              Erth           56%        N/A       1%          3

Your spell library contained the following spells:

 Spells                   Type           Power      Damage    Failure   Level
 Foxfire                  Conj/Fire      40%        2x1d6     6%          1
 Brom's Barrelling Bould  Conj/Erth      43%        2d6       9%          4
 Petrify                  Alch/Erth      32%        N/A       19%         4
 Call Imp                 Summ           6%         N/A       22%         2
 Ensorcelled Hibernation  Hex/Ice        6%         N/A       22%         2
 Call Canine Familiar     Summ           3%         N/A       41%         3
 Fugue of the Fallen      Necr           3%         N/A       41%         3
 Ozocubu's Armour         Ice            3%         N/A       41%         3
 Sigil of Binding         Hex            3%         N/A       41%         3
 Volatile Blastmotes      Fire/Tloc      6%         2d10      41%         3
 Dimensional Bullseye     Hex/Tloc       1%         N/A       82%         4
 Manifold Assault         Tloc           3%         N/A       82%         4
 Summon Hydra             Summ           1%         N/A       100%        7
 Sublimation of Blood     Necr           Unusable   N/A       N/A         2

Inventory:

Hand Weapons
 b - the +8 war axe of Summer {drain, rN+ Str+3 SInv}

   Str+3:     It affects your strength (+3).
   rN+:       It protects you from negative energy.
   SInv:      It lets you see invisible.
Missiles
 z - a curare-tipped dart {=f}
Armour
 d - a +0 robe (worn)
 i - a +0 kite shield
 v - a +0 pair of boots (worn)
Magical Staves
 a - a staff of earth (weapon)
Jewellery
 h - an amulet of magic regeneration (around neck)
 m - a ring of willpower (left hand)
Talismans
 y - a talisman of death
Wands
 q - a wand of charming (11)
 A - a wand of flame (19)
 B - a wand of roots (8)
Scrolls
 c - 2 scrolls of blinking
 f - a scroll of fog {unknown}
 j - 4 scrolls of identify {@r1}
 p - a scroll of revelation {unknown}
 s - a scroll of fear {unknown}
 t - a scroll of teleportation {unknown}
 x - a scroll of poison {unknown}
Potions
 e - 3 potions of haste {unknown}
 g - 4 potions of enlightenment {unknown}
 k - a potion of degeneration {unknown}
 l - a potion of magic
 n - a potion of heal wounds {unknown}
 o - a potion of mutation {unknown}
 r - 3 potions of lignification {unknown}
 u - a potion of brilliance {unknown}
 w - a potion of curing {unknown}

Dungeon Overview and Level Annotations

Branches:
Dungeon (7/15)
 Temple: D:4-7

Altars:
Hepliaklqana
Kikubaaqudgha
Wu Jian
The Shining One

Shops:
D:7 *

Annotations:
D:6 Dowan

. ▒ ▒.. .▒.ooo
▒▒▒...▒ ▒...▒
▒o▒ ▒o▒ ▒8▒ ▒
▒.▒ ▒. ▒.▒ ▒.▒
▒.▒ ▒▒▒▒▒
▒.▒▒▒▒.▒
▒....▒▒▒.?...▒
▒.▒ ▒l▒.▒▒▒..▒
▒▒▒ ▒.▒ ▒.▒▒
▒..▒ ..▒ ▒.▒
▒.▒ .....


You could see an orc priest and an orc.


Message History

* * * LOW HITPOINT WARNING * * *
The orc priest invokes the aid of Beogh against you.
Pain shoots through your body!
* * * LOW HITPOINT WARNING * * *
Aiming: Stone Arrow (dangerous; 2% risk of failure)
Press: ? - help, Shift-Dir - straight line, f/p - ice beast
Aim: an ice beast (almost dead, 76% to hit)
The stone arrow hits the ice beast!
You kill the ice beast!
Unknown command.
Unknown command.
Aiming: Stone Arrow (dangerous; 2% risk of failure)
Press: ? - help, Shift-Dir - straight line, f - orc
Aim: an orc, wielding a +1 hand axe of freezing (76% to hit)
Okay, then.
The blast of sand hits the orc!!
You kill the orc!
The orc priest calls down the wrath of Beogh upon you.
Pain shoots through your body!
* * * LOW HITPOINT WARNING * * *
Unknown command.
The blast of sand hits the orc priest!
The orc priest is severely wounded.
The orc priest completely misses you.
Unknown command.
The blast of sand hits the orc priest but does no damage.
The orc priest is severely wounded.
The orc priest invokes the aid of Beogh against you.
Pain shoots through your body!
You die...

Action                     |  1- 3 |  4- 6 |  7- 9 || total
---------------------------+-------+-------+-------++-------
  Melee: Staff             |    16 |    30 |       ||    46
         Punch             |     1 |       |       ||     1
   Cast: Sandblast         |    37 |    66 |    68 ||   171
         Stone Arrow       |       |       |     1 ||     1
    Use: Scroll            |       |       |     1 ||     1
 Armour: Robe              |    22 |    50 |    34 ||   106
  Dodge: Dodged            |    22 |    35 |    44 ||   101

Levels and vault maps discovered:
D:1:      beargit_arrival_diablo_church, layout_basic, serial_aquarium,
          aquarium_bridge_square [aquarium_subvault_window,
          aquarium_subvault_bridge, aquarium_subvault_window,
          aquarium_subvault_bridge], aquarium_window_2, aquarium_window_fake,
          aquarium_view_2f, lemuel_flame_loot_1
D:2:      layout_basic
D:3:      layout_loops_cross, lemuel_doored_altar
D:4:      minmay_spotlight, layout_cave_pools, kennysheep_mini_moat
D:5:      layout_layer_cave, old_standard_altar, old_standard_altar,
          abandoned_shop, serial_bayou_lake_a
D:6:      layout_cave_pods, serial_demonic, serial_demonic_e, serial_demonic_c,
          serial_demonic_g, serial_demonic_a, minivault_26, uniq_duvessa
D:7:      layout_loops_ring, mainiacjoe_overflow_six_doors_small,
          lemuel_tele_altar, minmay_temple_entry_large_hall, serial_shops,
          nicolae_shop_behind_doors, kennysheep_small_circle

Notes
Turn   | Place    | Note
-------+----------+-------------------------------------------
     0 | D:1      | sanka the Gargoyle Earth Elementalist began the quest for
                  | the Orb.
     0 | D:1      | Reached XP level 1. HP: 10/10 MP: 3/3
   422 | D:1      | Reached XP level 2. HP: 15/15 MP: 3/5
  1284 | D:2      | Reached skill level 4 in Earth Magic
  1801 | D:3      | Reached skill level 2 in Conjurations
  1801 | D:3      | Reached XP level 3. HP: 19/19 MP: 4/6
  1808 | D:3      | Learned a level 3 spell: Passwall
  2017 | D:3      | Reached XP level 4. HP: 24/24 MP: 6/8
  2226 | D:3      | Reached skill level 3 in Spellcasting
  2337 | D:3      | Reached skill level 3 in Conjurations
  2337 | D:3      | Reached XP level 5. HP: 28/28 MP: 7/9
  2603 | D:3      | Found an ornate altar of the Wu Jian Council.
  2926 | D:4      | Reached skill level 5 in Earth Magic
  2957 | D:4      | Got Hoxkeode's Catalogue of Vexing Sparks
  3098 | D:4      | Noticed an ogre
  3100 | D:4      | Identified the +8 war axe of Summer {drain, rN+ Str+3 SInv}
  3107 | D:4      | Killed an ogre
  3108 | D:4      | Reached XP level 6. HP: 32/32 MP: 9/11
  3111 | D:4      | Reached skill level 4 in Conjurations
  3183 | D:4      | Found a glowing golden altar of the Shining One.
  3405 | D:5      | Entered Level 5 of the Dungeon
  3604 | D:5      | Reached skill level 4 in Spellcasting
  3604 | D:5      | Reached skill level 6 in Earth Magic
  3668 | D:5      | Reached XP level 7. HP: 36/36 MP: 13/13
  3791 | D:5      | Learned a level 3 spell: Stone Arrow
  4024 | D:5      | Found a hazy altar of Hepliaklqana.
  4178 | D:5      | Found an ancient bone altar of Kikubaaqudgha.
  4679 | D:6      | Reached skill level 7 in Earth Magic
  4737 | D:6      | Reached skill level 8 in Earth Magic
  4830 | D:6      | Reached skill level 9 in Earth Magic
  4831 | D:6      | Reached XP level 8. HP: 41/41 MP: 12/14
  5328 | D:6      | Reached skill level 10 in Earth Magic
  5328 | D:6      | Reached skill level 1 in Fighting
  5363 | D:6      | Reached skill level 2 in Dodging
  5691 | D:6      | Reached skill level 2 in Fighting
  5787 | D:6      | Noticed Dowan
  5868 | D:7      | Found Ydoluet's General Store.
  5932 | D:7      | Reached skill level 3 in Fighting
  5932 | D:7      | Reached skill level 3 in Dodging
  5941 | D:7      | HP: 1/48 [orc priest/nerve-wracking pain (7)]
  5943 | D:7      | Killed from afar by an orc priest

Vanquished Creatures
  An ice beast (D:7)
  A sky beast (D:7)
  2 black bears (D:6)
  2 ogres
  A centaur (D:6)
  A kobold brigand (D:6)
  3 bullfrogs
  A wight (D:7)
  2 bombardier beetles (D:6)
  2 jellies (D:6)
  A quasit (D:6)
  2 hounds (D:6)
  2 orc priests
  2 iguanas
  3 orc wizards
  3 adders
  3 shadow imps
  3 white imps (D:6)
  5 ufetubi
  2 dart slugs
  A ribbon worm (D:3)
  21 orcs
  5 ball pythons
  A bat (D:1)
  An endoplasm (D:3)
  2 giant cockroaches
  5 goblins
  4 hobgoblins
  4 jackals (D:3)
  4 quokkas
  A frilled lizard (D:1)
  10 kobolds
  3 rats
104 creatures vanquished.
